 Dungeon Crawl Stone Soup version 0.30.1-1-g62c8e00024 (webtiles) character file.

Game seed: 1941853160811850721

385 Heoruswealwe the Magician (level 6, 0/32 HPs)
             Began as a Deep Elf Conjurer on July 16, 2023.
             Was an Initiate of Vehumet.
             Slain by a hound (3 damage)
             ... on level 5 of the Dungeon.
             The game lasted 00:34:14 (3336 turns).

Heoruswealwe the Magician (Deep Elf Conjurer)       Turns: 3336, Time: 00:34:16

Health: 0/32       AC:  0    Str:  4    XL:     6   Next: 48%
Magic:  12/17      EV: 12    Int: 25    God:    Vehumet [......]
Gold:   264        SH:  0    Dex: 13    Spells: 4/18 levels left

rFire   . . .        (no weapon)
rCold   . . .        (no shield)
rNeg    . . .        (no body armour)
rPois   .            (no helmet)
rElec   .            (no cloak)
rCorr   .            (no gloves)
SInv    +            (no boots)
Will    .....        (no amulet)
Stlth   ++           k - ring of see invisible
HPRegen 0.25/turn    (no ring)
MPRegen 0.15/turn

%: no passive effects
@: very slightly contaminated
A: no striking features
a: Renounce Religion


You were on level 5 of the Dungeon.
You worshipped Vehumet.
Vehumet was noncommittal.
You visited 1 branch of the dungeon, and saw 5 of its levels.

You collected 264 gold pieces.

Inventory:

Jewellery
 k - a ring of see invisible (left hand)
Scrolls
 a - 4 scrolls of teleportation {unknown}
 e - a scroll of vulnerability {unknown}
 f - 3 scrolls of magic mapping {unknown}
 h - a scroll of fog {unknown}
 i - a scroll of brand weapon {unknown}
 l - 2 scrolls of enchant weapon {unknown}
 m - 2 scrolls of immolation {unknown}
Potions
 b - a potion of magic
 c - 2 potions of attraction {unknown}
 d - a potion of resistance {unknown}
 g - 2 potions of curing {unknown}
 j - a potion of cancellation {unknown}


   Skills:
 - Level 2.4 Dodging
 - Level 2.4 Stealth
 + Level 6.9 Spellcasting
 + Level 6.8 Conjurations


You had 4 spell levels left.
You knew the following spells:

 Your Spells              Type           Power      Damage    Failure   Level
a - Magic Dart            Conj           100%       1d8       1%          1
b - Searing Ray           Conj           84%        2d7       1%          2
c - Dazzling Flash        Conj/Hex       50%        N/A       4%          3
d - Iskenderun's Mystic   Conj/Tloc      25%        2d7       17%         4
e - Fulminant Prism       Conj/Hex       12%        3d8       17%         4

Your spell library contained the following spells:

 Spells                   Type           Power      Damage    Failure   Level


Dungeon Overview and Level Annotations

Branches:
Dungeon (5/15)
 Temple: D:4-7

Altars:
Elyvilon
Fedhas
Sif Muna
Uskayaw
Vehumet
The Shining One


Message History

Done exploring.
Search for what [Enter for "."]? .
There is an escape hatch in the floor here.
You slide downwards.
The hatch slams shut behind you.
Found 11 gold pieces and 6 stones.
You miscast Magic Dart.
You are very lightly contaminated with residual magic.
Nothing appears to happen.
The hound barks!
You hear a shout!
The centaur wields a +0 shortbow.
The centaur shoots an arrow.
The arrow hits you!
Ouch! That really hurt!
The ufetubus barely misses you. The ufetubus closely misses you.
Casting: Magic Dart (safe; 1% risk of failure)
Confirm with . or Enter, or press ? or * to list all spells.
Aiming: Searing Ray (safe; 1% risk of failure)
Press: ? - help, Shift-Dir - straight line, f - centaur, p - ufetubus
Aim: a centaur, wielding a +0 shortbow (89% to hit)
The searing ray hits the hound!
The hound is heavily wounded.
The searing ray hits the centaur!
The centaur is heavily wounded. (Press . to maintain the ray.)
The ufetubus hits you. x2; The ufetubus barely misses you.
The ufetubus misses you. The hound bites you.
* * * LOW HITPOINT WARNING * * *
The searing ray hits the hound.
The hound is severely wounded.
The searing ray misses the centaur.
The hound bites you.
* * * LOW HITPOINT WARNING * * *
The ufetubus barely misses you. x2
Okay, then.
The searing ray hits the centaur.
The centaur is almost dead.
The hound closely misses you. The ufetubus completely misses you.
The ufetubus hits you.
* * * LOW HITPOINT WARNING * * *
The centaur unwields a +0 shortbow.
The centaur misses you. The centaur barely misses you. The hound bites you.
You die...

#...#
#...#
##...#
#....
#...#
##...#
#..hc#
#..@.#
#....5..#
..$.....##
........#
(......##
.......
#.....#
##...#


You could see a centaur, a hound and an ufetubus.

Vanquished Creatures
  A phantom (D:4)
  A kobold brigand (D:4)
  A scorpion (D:4)
  An iguana (D:4)
  An orc wizard (D:3)
  2 adders (D:2)
  3 dart slugs
  5 orcs (D:3)
  9 ball pythons
  8 bats
  8 endoplasms
  3 giant cockroaches (D:2)
  9 goblins
  9 hobgoblins
  2 jackals (D:4)
  26 kobolds
  3 quokkas
  2 frilled lizards
  7 rats
101 creatures vanquished.

Notes
Turn   | Place    | Note
-------+----------+-------------------------------------------
     0 | D:1      | Heoruswealwe the Deep Elf Conjurer began the quest for the
                  | Orb.
     0 | D:1      | Reached XP level 1. HP: 10/10 MP: 6/6
   165 | D:1      | Reached XP level 2. HP: 12/15 MP: 0/8
   168 | D:1      | Learned a level 2 spell: Searing Ray
   498 | D:1      | Reached skill level 5 in Conjurations
   498 | D:1      | Reached XP level 3. HP: 19/19 MP: 7/10
   502 | D:1      | Learned a level 3 spell: Dazzling Flash
   995 | D:2      | Reached XP level 4. HP: 24/24 MP: 10/12
  1000 | D:2      | Learned a level 4 spell: Iskenderun's Mystic Blast
  1599 | D:3      | Reached skill level 5 in Spellcasting
  2041 | D:3      | Found a shimmering blue altar of Sif Muna.
  2041 | D:3      | Found a glowing golden altar of the Shining One.
  2131 | D:4      | Noticed a scorpion
  2137 | D:4      | Killed a scorpion
  2138 | D:4      | Reached XP level 5. HP: 21/28 MP: 6/15
  2321 | D:4      | Reached XP level 6. HP: 32/32 MP: 4/17
  2326 | D:4      | Learned a level 4 spell: Fulminant Prism
  2755 | D:4      | Found a blossoming altar of Fedhas.
  2802 | D:4      | Found a hide-covered altar of Uskayaw.
  2889 | D:4      | Found a radiant altar of Vehumet.
  2901 | D:4      | Became a worshipper of Vehumet
  2917 | D:4      | Found a white marble altar of Elyvilon.
  3332 | D:5      | Entered Level 5 of the Dungeon
  3336 | D:5      | Slain by a hound

Illustrated notes

Levels and vault maps discovered:
D:1:      scummos_arrival_simple_crosswalls, layout_basic
D:2:      layout_loops_ring, nicolae_titane
D:3:      layout_rooms, gammafunk_temple_overflow_elements
D:4:      kennysheep_kobold_camp, layout_loops_ring,
          nicolae_overflow_crystal_walls, pf_just_have_faith,
          mainiacjoe_overflow_large_starburst
D:5:      kennysheep_spiral_hall, layout_loops_ring,
          minmay_temple_entry_butterflies, palyth_stone_intersect,
          minmay_stone_trees_small

Skill      XL: |  1  2  3  4  5 |
---------------+----------------+-----
Spellcasting   | 4 5 6 |  6.9
Conjurations   | 5 6 |  6.8
Dodging        | |  2.4
Stealth        | |  2.4

Action                     |  1- 3 |  4- 6 || total
---------------------------+-------+-------++-------
  Melee: Unarmed           |     6 |    69 ||    75
         Punch             |       |     1 ||     1
   Cast: Magic Dart        |    79 |    75 ||   154
         Searing Ray       |       |    11 ||    11
 Armour: Robe              |     7 |     3 ||    10
  Dodge: Dodged            |    21 |    38 ||    59
